 Dungeon Crawl Stone Soup version 0.30-a0-622-gddc90eaa04 (webtiles) character file.

Game seed: 17962769197148563098

85 IdlyInterested the Chopper (level 4, -5/34 HPs)
             Began as a Demonspawn Gladiator on Jan 10, 2023.
             Killed from afar by a white imp (10 damage)
             ... with a puff of frost
             ... summoned by Natasha
             ... on level 2 of the Dungeon.
             The game lasted 00:04:00 (1791 turns).

IdlyInterested the Chopper (Demonspawn Gladiator)   Turns: 1791, Time: 00:04:01

Health: -5/34      AC:  9    Str: 16    XL:     4   Next: 25%
Magic:  4/4        EV: 10    Int:  9    God:
Gold:   56         SH:  0    Dex: 15    Spells: 3/3 levels left

rFire   . . .      SeeInvis .    a - +1 war axe
rCold   . . .      Faith    .    (no shield)
rNeg    . . .      Spirit   .    i - +1 scale mail
rPois   .          Reflect  .    (helmet restricted)
rElec   .          Harm     .    (no cloak)
rCorr   .          Rampage  .    (no gloves)
Will    +....                    (no boots) Stlth
                                 (no amulet)
HPRegen 0.25/turn                l - ring of willpower
MPRegen 0.09/turn                (no ring)

@: no status effects
A: horns 1, icy blue scales 1
a: no special abilities


You were on level 2 of the Dungeon.
You visited 1 branch of the dungeon, and saw 2 of its levels.

You collected 56 gold pieces.

Inventory:

Hand Weapons
 a - a +1 war axe (weapon)
Missiles
 d - 3 throwing nets
 e - a javelin
 f - 14 stones (quivered)
Armour
 b - a +0 leather armour
 i - a +1 scale mail (worn)
Jewellery
 l - a ring of willpower (left hand)
Scrolls
 g - 3 scrolls of teleportation {unknown}
 h - a scroll of acquirement {unknown}
 k - a scroll of enchant weapon
 m - 2 scrolls of identify {unknown}
 n - a scroll of torment
Potions
 c - a potion of curing {unknown}
 j - a potion of lignification {unknown}
 o - a potion of heal wounds {unknown}


   Skills:
 * Level 2.9 Fighting
 + Level 3.8 Axes
 - Level 1.7 Throwing
 * Level 0.7 Armour
 - Level 2.6 Dodging
 - Level 1.0 Stealth


You had 3 spell levels left.
You didn't know any spells.
Your spell library contained the following spells:

 Spells                   Type           Power      Damage    Failure   Level
 Gell's Gravitas          Tloc           0%         N/A       99%         3
 Teleport Other           Tloc           0%         N/A       99%         3
 Dispersal                Tloc           0%         N/A       100%        6


Dungeon Overview and Level Annotations

Branches:
Dungeon (2/15)

Altars:

Annotations:
D:2 Natasha


Innate Abilities, Weirdness & Mutations

You have a pair of small horns on your head.
You are partially covered in icy blue scales. (AC +2)


Message History

The adder bites you but does no damage.
You hit Natasha. Your headbutt misses Natasha.
Natasha is moderately wounded.
You hit the adder. The adder barely misses you. Natasha closely misses you.
The adder misses you. The white imp gestures at you.
The puff of frost hits you! Natasha closely misses you.
You barely miss Natasha.
Natasha is moderately wounded.
You hit the adder. The adder bites you but does no damage.
Natasha claws you but does no damage. The white imp gestures at you.
The puff of frost hits you! The adder bites you but does no damage.
You miss Natasha. You headbutt Natasha.
Natasha is severely wounded.
You closely miss the adder. Natasha claws you.
The adder bites you but does no damage.
You barely miss Natasha.
Natasha is severely wounded.
You miss the adder. You hit the white imp. The adder bites you.
Natasha claws you.
* * * LOW HITPOINT WARNING * * *
The adder closely misses you.
The white imp hits you but does no damage.
Natasha claws you but does no damage.
Unknown command.
You hit Natasha.
Natasha is almost dead.
You barely miss the white imp. You hit the white imp.
You closely miss the adder. The white imp hits you.
* * * LOW HITPOINT WARNING * * *
The white imp freezes you.
* * * LOW HITPOINT WARNING * * *
The adder barely misses you.
The white imp hits you but does no damage.
Natasha stares at you and mumbles some strange words.
You resist with almost no effort. The white imp gestures at you.
The puff of frost hits you!
You die...

#.....# ##..)..#
.......# # #......#
#.#. #.....#
##.#.###.....#
####....#...5h..###.
#.......#..5@S......
#............###.##.
#.......#........#
#.......#.##.###.#
#............###.#
#................##.#
######....##........#
# #####†......# # ..#
####.#.##


You could see Natasha, an adder and 2 white imps.

Vanquished Creatures
  Jessica (D:2)
  An adder (D:2)
  A dart slug (D:1)
  5 bats
  5 endoplasms
  A giant cockroach (D:1)
  3 hobgoblins
  7 jackals
  3 quokkas
  5 ball pythons
  4 frilled lizards (D:1)
  2 goblins
  2 kobolds
  3 rats
  3 bushes (D:1)
46 creatures vanquished.

Vanquished Creatures (others)
  2 fungi (D:1)
  A plant (D:1)
3 creatures vanquished.

Grand Total: 49 creatures vanquished

Notes
Turn   | Place    | Note
-------+----------+-------------------------------------------
     0 | D:1      | IdlyInterested the Demonspawn Gladiator began the quest for
                  | the Orb.
     0 | D:1      | Reached XP level 1. HP: 16/16 MP: 1/1
    84 | D:1      | Reached skill level 3 in Axes
   118 | D:1      | Gained mutation: You have a pair of small horns on your
                  | head. [demonic ancestry]
   118 | D:1      | Reached XP level 2. HP: 21/22 MP: 2/2
   257 | D:1      | Found a faded altar of an unknown god.
   447 | D:1      | Reached skill level 1 in Stealth
   461 | D:1      | Reached XP level 3. HP: 12/28 MP: 3/3
  1482 | D:2      | Noticed Jessica
  1496 | D:2      | Killed Jessica
  1497 | D:2      | Gained mutation: You are partially covered in icy blue
                  | scales. (AC +2) [demonic ancestry]
  1497 | D:2      | Reached XP level 4. HP: 20/34 MP: 4/4
  1782 | D:2      | Noticed Natasha
  1791 | D:2      | Killed from afar by a white imp

Illustrated notes

Levels and vault maps discovered:
D:1:      sevenhm_arrival_forest_fort_small_4, layout_rooms, serial_forest,
          infiniplex_forest_end_double, infiniplex_forest_3_way,
          infiniplex_forest_clump_double, infiniplex_forest_clump_tiny,
          infiniplex_forest_zigzag_1, infiniplex_forest_clump_medium,
          infiniplex_forest_lined_room_2,
          shapermc_ecumenical_altar_mp_urbaneastern,
          amcnicky_mini_rare_corridor_liquid, serial_bayou_pond_d,
          hangedman_decor_opposing, feat_on_display
D:2:      minmay_evil_eye, layout_basic, chequers_serial_rivers_micro_d,
          kennysheep_jessica_study, uniq_natasha

Skill      XL: |  1  2 |
---------------+-------+-----
Axes           | 3 |  3.8
Stealth        | 1 |  1.0
Fighting       | |  2.9
Throwing       | |  1.7
Armour         | |  0.7
Dodging        | |  2.6

Action                   |  1- 3 |  4- 6 || total
-------------------------+-------+-------++-------
Melee: War axe           |   227 |    18 ||   245
       Punch             |     9 |       ||     9
       Headbutt          |    61 |     3 ||    64
  Use: Scroll            |     5 |       ||     5
Armor: Leather armour    |    18 |       ||    18
       Scale mail        |    24 |    16 ||    40
Dodge: Dodged            |    75 |    12 ||    87

Table legend: (Time is in decaauts)
 A = Elapsed time spent in this place.
 B = Non-inter-level travel time spent in this place.
 C = Inter-level travel time spent in this place.
 D = Time resting spent in this place.
 E = Time spent auto-exploring this place.
 F = Levels seen in this place.
 G = Mean time per level.
                   A        B        C        D        E       F      G
               +--------+--------+--------+--------+--------+-----+--------+
         Total |   1879 |   1716 |    163 |    199 |    896 |   2 |  939.5 |
       Dungeon |   1879 |   1716 |    163 |    199 |    896 |   2 |  939.5 |
               +--------+--------+--------+--------+--------+-----+--------+

Top non-repeatable levels by time:
     D:1: 1285 daAuts
     D:2: 593 daAuts
